 Dungeon Crawl Stone Soup version 0.20.0-10-g0535bb4 (webtiles) character file.

660 Firecrotchwizard the Grappler (level 7, 0/66 HPs)
             Began as a Troll Monk on June 6, 2017.
             Was a Priest of Cheibriados.
             Slain by an orc
             ... wielding a +0 war axe
              (5 damage)
             ... on level 6 of the Dungeon.
             The game lasted 00:10:59 (3812 turns).

Firecrotchwizard the Grappler (Troll Monk)          Turns: 3812, Time: 00:10:59

Health: 0/66       AC:  8    Str: 27    XL:     7   Next: 30%
Magic:  6/6        EV: 11    Int: 15    God:    Cheibriados [***...]
Gold:   138        SH:  0    Dex: 19    Spells: 6/6 levels left

rFire    . . .     SeeInvis .     - Unarmed
rCold    . . .     Gourm    +   (no shield)
rNeg     . . .     Faith    .   a - +0 robe
rPois    .         Spirit   .   (helmet restricted)
rElec    .         Reflect  .   z - +2 cloak
rCorr    .         Harm     .   (gloves unavailable)
MR       .....                  (boots unavailable)
Stlth    ++........             (no amulet)
Regen    0.7/turn               (no ring)
MPRegen  0.1/turn               (no ring)

@: very slow
A: unfitting armour, claws 3, fast metabolism 3, gourmand, regeneration 1,
shaggy fur 1, tough skin 2
a: Bend Time, Temporal Distortion, Renounce Religion


You were on level 6 of the Dungeon.
You worshipped Cheibriados.
Cheibriados was most pleased with you.
You were completely stuffed.

You visited 1 branch of the dungeon, and saw 6 of its levels.

You collected 250 gold pieces.
You spent 112 gold pieces at shops.

Inventory:

Hand Weapons
 c - a +2 dagger of protection
   (You found it on level 1 of the Dungeon)
 d - a +0 hunting sling
   (You found it on level 1 of the Dungeon)
 s - a +1 dagger of holy wrath
   (You took it off an orc on level 3 of the Dungeon)
 t - a +0 scythe of protection
   (You took it off Sigmund on level 5 of the Dungeon)
 x - a +2 hand axe of venom
   (You found it on level 6 of the Dungeon)
Armour
 a - a +0 robe (worn)
 z - a +2 cloak (worn)
   (You bought it in a shop on level 4 of the Dungeon)
Wands
 w - a wand of iceblast (11/15)
   (You found it on level 4 of the Dungeon)
 B - a wand of digging (7/24)
   (You found it on level 5 of the Dungeon)
 C - a wand of paralysis (14/24)
   (You found it on level 5 of the Dungeon)
Scrolls
 m - 5 scrolls of identify
 n - a scroll of enchant armour
 r - a scroll of teleportation
 v - a scroll of blinking {!r}
Potions
 h - 2 potions of degeneration {unknown}
 j - 4 potions of brilliance
 l - 2 potions of might {unknown}
 o - a potion of magic {unknown}
 p - a potion of agility {unknown}
 q - a potion of lignification {unknown}
 u - a potion of mutation {unknown}
Comestibles
 b - 3 bread rations {@e1}
 f - 7 fruits
 i - 2 royal jellies
 k - 4 meat rations {@e2}
 A - 6 chunks of flesh {@w0}


   Skills:
 - Level 2.4 Fighting
 - Level 2.4 Dodging
 - Level 1.0 Stealth
 + Level 8.6 Unarmed Combat


You had 6 spell levels left.
You didn't know any spells.

Dungeon Overview and Level Annotations

Branches:
Dungeon (6/15)             Temple (0/1) D:4

Altars:
Cheibriados
Fedhas
Gozag
Nemelex Xobeh
Trog
Xom
Yredelemnul

Shops:
D:4 *?*!

Annotations:
D:5 Eustachio


Innate Abilities, Weirdness & Mutations

You are too large for most types of armour.
You have claws for hands.
Your metabolism is lightning-fast.
You like to eat raw meat.
Your natural rate of healing is unusually fast.
You are covered in fur. (AC +1)
You have very tough skin. (AC +2)


Message History

Health restored: 66 Eating one of 7 chunks of flesh {@w0}.
You eat one of the 7 chunks of flesh {@w0}.
This raw flesh tastes great.
You open the door.
There is an open door here.
There is an open door here.
You open the door.
Found an escape hatch in the ceiling.
There is an open door here.
There is an open door here.
You see here an ancient leather armour.
You open the door.
There is an open door here.
r - 2 scrolls labeled XUHEBE BILA (gained 1)
You see here 10 poisoned needles.
You open the door.
There is an open door here.
You now have 138 gold pieces (gained 14).
Found a stone staircase leading down.
As you read the scroll labeled CEJUAN MESTAF, it crumbles to dust.
You feel blessed for a moment.
It was a scroll of remove curse.
As you read the scroll labeled DUPIROCVEN, it crumbles to dust.
It is a scroll of identify.
j - 4 potions of brilliance
As you read the scroll labeled NOKKYM GYTHEBB, it crumbles to dust.
It is a scroll of enchant armour.
Your +0 cloak glows green for a moment.
As you read the scroll of enchant armour, it crumbles to dust.
Your +1 cloak glows green for a moment.
As you read the scroll labeled QIV ZEFRUS, it crumbles to dust.
You assume a fearsome visage.
Nothing appears to happen.
It was a scroll of fear.
As you read the scroll labeled USKEYTA QUGEDE, it crumbles to dust.
It is a scroll of amnesia.
You feel forgetful for a moment.
As you read the scroll labeled XUHEBE BILA, it crumbles to dust.
You feel strangely unstable.
It was a scroll of teleportation.
A hound comes into view.
A hound is nearby!
Your surroundings suddenly seem different.
An orc priest comes into view. It is wielding a vampiric morningstar.
An orc priest comes into view. It is wielding a club.
The orc priest shouts! x2
The orc priest invokes the aid of Beogh against you.
You struggle to resist.
An orc and an orc warrior come into view.
The orc priest begins to cast a cantrip, but forgets the words!
The orc priest barely misses you. The orc priest misses you.
The orc shouts!
You scratch the orc priest.
The orc warrior hits you with a long sword!
The orc priest closely misses you.
You take 16 damage, and have 50/66 hp.
MASSIVE DAMAGE!!
You scratch the orc priest but do no damage.
The orc priest begins to cast a cantrip, but forgets the words!
The orc warrior hits you with a long sword.
You take 3 damage, and have 47/66 hp.
Unknown command.
You closely miss the orc priest. The orc priest misses you.
The orc priest barely misses you.
You claw the orc priest!
The orc warrior hits you with a long sword.
The orc priest invokes the aid of Beogh against you.
Pain shoots through your body!
The orc priest invokes the aid of Beogh against you.
Pain shoots through your body!
* * * LOW HITPOINT WARNING * * *
You take 28 damage, and have 19/66 hp.
MASSIVE DAMAGE!!
You are too injured to fight recklessly!
Unknown command.
You are too injured to fight recklessly!
You barely miss the orc priest. The orc priest barely misses you.
The orc warrior hits you with a long sword.
* * * LOW HITPOINT WARNING * * *
The orc priest hits you but does no damage.
You take 1 damage, and have 18/66 hp.
You mangle the orc priest!!
You kill the orc priest!
Cheibriados appreciates the change of pace.
You feel your dexterity returning.
You scratch the orc priest.
You kill the orc priest!
Cheibriados appreciates the change of pace.
The orc warrior closely misses you.
You barely miss the orc warrior.
The orc warrior hits you with a long sword.
* * * LOW HITPOINT WARNING * * *
The orc hits you with a war axe!
* * * LOW HITPOINT WARNING * * *
You take 11 damage, and have 8/66 hp.
You scratch the orc warrior but do no damage.
The orc warrior hits you with a long sword.
* * * LOW HITPOINT WARNING * * *
You take 4 damage, and have 4/66 hp.
You scratch the orc warrior. The orc hits you with a war axe.
You die...

.# ## ##'##### #
......# # .....#
# ....# # ...
##### # #'## #
#...# ..
#'##.###..##..###
....+ ...
#....o@.........+
....#....
+....o).........#
#'###....
#...########.####
......# #.. #
......# ...
......# ..
......+ . ......#
.######


You could see an orc warrior and an orc.

Vanquished Creatures
  Sigmund (D:5)
  An ogre (D:5)
  2 orc priests (D:6)
  2 hounds
  An iguana (D:4)
  An orc wizard (D:5)
  4 worker ants
  4 adders
  2 oozes (D:2)
  4 worms (D:2)
  3 leopard geckos
  14 orcs
  7 bats
  3 giant cockroaches
  3 goblins
  6 hobgoblins
  9 jackals
  9 kobolds
  4 quokkas
  5 frilled lizards
  A leopard gecko skeleton (D:4)
  11 rats
  A spectral orc (D:2)
98 creatures vanquished.

Notes
Turn   | Place    | Note
-------+----------+-------------------------------------------
     0 | D:1      | Firecrotchwizard the Troll Monk began the quest for the Orb.
     0 | D:1      | Reached XP level 1. HP: 22/22 MP: 0/0
   347 | D:1      | Reached XP level 2. HP: 29/29 MP: 1/1
   499 | D:1      | Reached skill level 4 in Unarmed Combat
   612 | D:1      | Found a sparkling altar of Nemelex Xobeh.
   823 | D:2      | Reached XP level 3. HP: 36/36 MP: 2/2
  1092 | D:2      | Found an opulent altar of Gozag.
  1340 | D:2      | Found a faded altar of an unknown god.
  1451 | D:2      | Reached XP level 4. HP: 44/44 MP: 3/3
  1669 | D:2      | Found a basalt altar of Yredelemnul.
  1697 | D:2      | Reached skill level 5 in Unarmed Combat
  1885 | D:3      | Found a shimmering altar of Xom.
  2192 | D:3      | Found a snail-covered altar of Cheibriados.
  2204 | D:3      | Became a worshipper of Cheibriados the Contemplative
  2204 | D:3      | Reached * piety under Cheibriados
  2204 | D:3      | Reached ** piety under Cheibriados
  2395 | D:3      | Found a blossoming altar of Fedhas.
  2724 | D:4      | Found Nutruemaywk's Distillery.
  2735 | D:4      | Reached XP level 5. HP: 28/50 MP: 4/4
  2752 | D:4      | Reached skill level 6 in Unarmed Combat
  2865 | D:4      | Found a staircase to the Ecumenical Temple.
  2969 | D:4      | Found Zaoqeq's Magic Scroll Shoppe.
  2985 | D:4      | Found a bloodstained altar of Trog.
  3040 | D:4      | Found Pacri's Assorted Antiques.
  3048 | D:4      | Bought a cloak for 112 gold pieces
  3304 | D:4      | Found Wybal's Assorted Antiques.
  3341 | D:5      | Entered Level 5 of the Dungeon
  3341 | D:5      | Noticed Eustachio
  3345 | D:5      | Reached XP level 6. HP: 55/59 MP: 5/5
  3409 | D:5      | Reached skill level 7 in Unarmed Combat
  3431 | D:5      | Noticed Sigmund
  3454 | D:5      | Killed Sigmund
  3454 | D:5      | Reached *** piety under Cheibriados
  3568 | D:5      | Reached skill level 8 in Unarmed Combat
  3572 | D:5      | Reached XP level 7. HP: 19/66 MP: 6/6
  3574 | D:5      | HP: 16/66 [river rat[Eustachio] (3)]
  3810 | D:6      | HP: 8/66 [orc/war axe (9)]
  3812 | D:6      | Slain by an orc

Skill      XL: |  1  2  3  4  5  6 |
---------------+-------------------+-----
Unarmed Combat | 4 5 6 8 |  8.6
Fighting       | |  2.4
Dodging        | |  2.4
Stealth        | |  1.0

Action                   |  1- 3 |  4- 6 |  7- 9 || total
-------------------------+-------+-------+-------++-------
Melee: Dagger            |   148 |       |       ||   148
       Punch             |     2 |     1 |     1 ||     4
       Unarmed           |    19 |   109 |    28 ||   156
Throw: Tomahawk          |       |    42 |       ||    42
  Use: Scroll            |     1 |       |     7 ||     8
 Stab: Sleeping          |     2 |     1 |       ||     3
  Eat: Chunk             |    19 |    15 |     1 ||    35
Armor: Robe              |    66 |    23 |     5 ||    94
Dodge: Dodged            |    67 |    52 |    35 ||   154

Vault maps used:
D:1:      lightli_arrival_statuegarden, nemelex_xobeh_ov_fountains_minmay
D:2:      overflow_temple_1_default, yredelemnul_forgotten_temple_becter,
          chequers_ecumenical_altar_simple, serial_park_tiny_2
D:3:      fedhas_altar_fruit_tree, overflow_temple_1_default,
          cheibriados_altar_1
D:4:      minmay_temple_entry_glass, serial_shops, shop, nicolae_shop_stone,
          nicolae_shop_overgrown_old_shop, shop, first_bread,
          trog_three_pillars_becter
D:5:      uniq_sigmund, uniq_eustachio
D:6:      led_sif_book, kennysheep_mini,
          chequers_temple_overflow_statue_of_worship, uniq_menkaure,
          uniq_crazy_yiuf_cottage

Table legend:
 A = Turns spent in this place as a percentage of turns spent in the entire game.
 B = Non-inter-level travel turns spent in this place as a percentage of non-inter-level travel turns spent in the entire game.
 C = Inter-level travel turns spent in this place as a percentage of turns spent in this place.
 D = Turns resting spent in this place as a percentage of non-inter-level travel turns spent in this place.
 E = Turns spent auto-exploring this place as a percentage of non-inter-level travel turns spent in this place.
 F = Non-inter-level travel turns spent in this place divided by the number of levels of this place that you've seen.
                   A       B       C       D       E      F
               +-------+-------+-------+-------+-------+----------------------
         Total | 100.0 | 100.0 |   0.7 |   1.9 |  14.4 | 178.2
       Dungeon | 100.0 | 100.0 |   0.7 |   1.9 |  14.4 | 178.2
               +-------+-------+-------+-------+-------+----------------------

Table legend:
 A = Kills in this place as a percentage of kills in entire the game.
 B = Kills by you in this place as a percentage of kills by you in the entire game.
 C = Kills by friends in this place as a percentage of kills by friends in the entire game.
 D = Other kills in this place as a percentage of other kills in the entire game.
 E = Experience gained in this place as a percentage of experience gained in the entire game.
 F = Experience gained in this place divided by the number of levels of this place that you have seen.
                   A       B       C       D       E      F
               +-------+-------+-------+-------+-------+----------------------
         Total | 100.0 | 100.0 |  -nan |  -nan | 100.0 | 157.2
       Dungeon | 100.0 | 100.0 |  -nan |  -nan | 100.0 | 157.2
               +-------+-------+-------+-------+-------+----------------------
